 Dungeon Crawl Stone Soup version 0.31.0-11-ge490571c62 (webtiles) character file.

Game seed: 4390805259911646792

70 dorian the Sneak (level 4, -4/18 (22) HPs)
             Began as a Vine Stalker Enchanter on Jan 26, 2024.
             Slain by Edmund
             ... wielding a +2 dire flail of draining
              (5 damage)
             ... on level 4 of the Dungeon.
             The game lasted 00:03:01 (1508 turns).

dorian the Sneak (Vine Stalker Enchanter)           Turns: 1508, Time: 00:03:02

HP:   -4/18 (22)    AC:  4    Str: 11    XL:     4   Next: 22%
MP:   0/8           EV: 12    Int: 15    God:
Gold: 175           SH:  0    Dex: 16    Spells: 5/7 levels left

rFire   . . .        a - +1 dagger
rCold   . . .        (no shield)
rNeg    . . .        b - +0 robe
rPois   .            (no helmet)
rElec   .            o - +1 cloak
rCorr   .            (no gloves)
SInv    .            (no boots)
Will    .....        (no amulet)
Stlth   +++          (no ring)
HPRegen 1.03/turn    (no ring)
MPRegen 0.11/turn

%: guardian spirit
@: heavily drained
A: fangs 2, regeneration 1, magic shield, antimagic bite, no potion heal 2
a: no special abilities


You were on level 4 of the Dungeon.
You visited 1 branch of the dungeon, and saw 3 of its levels.

You collected 175 gold pieces.

Inventory:

Hand Weapons
 a - a +1 dagger (weapon)
Armour
 b - a +0 robe (worn)
 o - a +1 cloak (worn)
Scrolls
 e - a scroll of brand weapon {unknown}
 f - a scroll of blinking {unknown}
 h - a scroll of immolation {unknown}
 l - a scroll of identify {unknown}
 n - a scroll of fog {unknown}
Potions
 c - 2 potions of invisibility
 d - a potion of ambrosia {unknown}
 g - a potion of berserk rage {unknown}
 i - a potion of lignification {unknown}
 j - 2 potions of heal wounds {unknown}
 k - a potion of enlightenment {unknown}
 m - a potion of haste {unknown}


   Skills:
 + Level 1.5 Fighting
 * Level 2.6 Short Blades
 - Level 1.5 Dodging
 - Level 3.6 Stealth
 - Level 2.1 Spellcasting
 + Level 3.2 Hexes
 + Level 0.8 Ice Magic


You had 5 spell levels left.
You knew the following spells:

 Your Spells              Type           Power      Damage    Failure   Level
a - Ensorcelled Hibernat  Hex/Ice        14%        N/A       14%         2

Your spell library contained the following spells:

 Spells                   Type           Power      Damage    Failure   Level
 Confusing Touch          Hex            11%        N/A       17%         3
 Tukima's Dance           Hex            11%        N/A       17%         3
 Dazzling Flash           Conj/Hex       12%        N/A       34%         3


Dungeon Overview and Level Annotations

Branches:
Dungeon (2/15) Zot: 16499

Altars:

Annotations:
D:4 Edmund


Innate Abilities, Weirdness & Mutations

You have extremely sharp teeth.
Your natural rate of healing is unusually fast.
When hurt, damage is shared between your health and your magic reserves.
Your bite disrupts and absorbs the magic of your enemies.
Potions cannot restore your health.


Message History

You puncture the endoplasm!
You kill the endoplasm!
The adder hisses angrily.
A malevolent force fills the Dungeon...
You fall into a shaft and drop 2 floors!
The shaft crumbles and collapses.
You hear the sound of rushing water.
There is an entrance to a sewer on this level.
Hurry and find it before the portal rusts away!
Edmund the Younger comes into view.
He is wielding a +2 dire flail of draining.
Found a stone staircase leading down.
The helpless Edmund fails to defend himself.
You impale Edmund!! You bite Edmund. You drain his power.
Edmund is heavily wounded.
You hit Edmund but do no damage.
Edmund is heavily wounded.
Edmund closely misses you.
Casting: Ensorcelled Hibernation (safe; 14% risk of failure)
Confirm with . or Enter, or press ? or * to list all spells.
Aiming: Ensorcelled Hibernation (safe; 14% risk of failure)
Press: ? - help, Shift-Dir - straight line, f - Edmund
Aim: Edmund, wielding a +2 dire flail of draining and wearing a +0 scale mail (heavily wounded, chance to affect: 40%) Edmund resists with some effort.
Edmund hits you with a +2 dire flail of draining!
You feel drained.
Casting: Ensorcelled Hibernation (safe; 14% risk of failure)
Confirm with . or Enter, or press ? or * to list all spells.
Aiming: Ensorcelled Hibernation (safe; 14% risk of failure)
Press: ? - help, Shift-Dir - straight line, f/p - Edmund
Aim: Edmund, wielding a +2 dire flail of draining and wearing a +0 scale mail (heavily wounded, chance to affect: 40%) Edmund looks drowsy...
You are too injured to fight recklessly!
The helpless Edmund fails to defend himself.
You puncture Edmund! Your bite misses Edmund.
Edmund is almost dead.
Edmund hits you with a +2 dire flail of draining!
Ouch! That really hurt!
* * * LOW HITPOINT WARNING * * *
You feel drained.
You die...
Edmund whines, "They better pay attention to me now!"

#.# #.#
#.# #.#
#>. #.#
#@#
#@####
#....####
####....#
####.#
#.# #.#
#.. ##.
##


You could see Edmund.

Vanquished Creatures
  A gnoll (D:1)
  2 adders (D:2)
  2 dart slugs
  2 ribbon worms (D:2)
  2 bats
  2 endoplasms (D:2)
  2 giant cockroaches
  A hobgoblin (D:2)
  2 jackals (D:1)
  4 quokkas
  2 ball pythons
  2 frilled lizards (D:1)
  4 goblins
  A kobold (D:2)
  3 rats
32 creatures vanquished.

Notes
Turn   | Place    | Note
-------+----------+-------------------------------------------
     0 | D:1      | dorian the Vine Stalker Enchanter began the quest for the
                  | Orb.
     0 | D:1      | Reached XP level 1. HP: 9/9 MP: 4/4
    25 | D:1      | Reached skill level 1 in Short Blades
   192 | D:1      | Reached XP level 2. HP: 14/14 MP: 6/6
   771 | D:1      | Found a faded altar of an unknown god.
  1006 | D:2      | Reached skill level 1 in Fighting
  1006 | D:2      | Reached XP level 3. HP: 18/18 MP: 7/7
  1009 | D:2      | Learned a level 2 spell: Ensorcelled Hibernation
  1311 | D:2      | Reached XP level 4. HP: 22/22 MP: 3/8
  1496 | D:2      | You fall into a shaft and drop 2 floors!
  1502 | D:4      | Noticed Edmund
  1508 | D:4      | HP: 1/20 [Edmund/+2 dire flail of draining (12)]
  1508 | D:4      | Slain by Edmund

Illustrated notes

Levels and vault maps discovered:
D:1:      erik_arrival_triangle_small, layout_basic,
          shapermc_ecumenical_altar_totnotflames
D:2:      layout_rooms
D:4:      layout_basic, portal_sewer_entry_f, st_stairs_7,
          minmay_hollow_rounded_squares, uniq_ijyb, uniq_edmund

Skill      XL: |  1  2 |
---------------+-------+-----
Short Blades   | 1 2 |  2.6
Fighting       | 1 |  1.5
Dodging        | |  1.5
Stealth        | |  3.6
Spellcasting   | |  2.1
Hexes          | |  3.2
Ice Magic      | |  0.8

Action                     |  1- 3 |  4- 6 || total
---------------------------+-------+-------++-------
  Melee: Dagger            |    96 |     9 ||   105
         Bite              |    15 |     2 ||    17
   Cast: Ensorcelled Hiber |     5 |     3 ||     8
   Stab: Sleeping          |     6 |     3 ||     9
         Distracted        |       |     1 ||     1
 Armour: Robe              |    56 |     7 ||    63
  Dodge: Dodged            |    63 |     4 ||    67
